Map: Port Aleksander LE

Players

Lambo - Winner!

  • Race: Zerg Zerg
  • League: Grandmaster
  • Spawn Location: 5:00

IIIIIIIIIIII

  • Race: Protoss Protoss
  • League: Master
  • Spawn Location: 11:00

VOD

Have the link to the VOD?

Description

Time

  • Played on: Jan. 10, 2019, 11:16 a.m.
  • Length: 8:14
Show
View Real Time Build Order
Export as new Build Order

Lambo Zerg - Winner!

Build Orders: Hatch First 

Get SALT Encoding   

  12  0:01  Drone  
  13  0:12  Overlord  
  13  0:18  Drone  
  14  0:31  Drone x2  
  16  0:49  Hatchery  
  15  0:52  Drone  
  15  0:56  Drone  
  17  0:59  Drone  
  18  1:10  Extractor  
  17  1:15  Spawning Pool  
  17  1:18  Drone  
  17  1:21  Drone  
  18  1:29  Drone  
  19  1:41  Drone  
  20  1:52  Drone  
  21  2:01  Queen x2  
  21  2:02  Overlord, Zergling x2  
  26  2:11  Drone  
  26  2:14  Drone  
  28  2:22  Drone  
  29  2:24  Drone  
  30  2:36  Hatchery  
  29  2:42  Drone x2  
  31  2:45  Drone  
  31  2:47  Overlord  
  32  2:55  Queen  
  34  3:02  Spore Crawler  
  34  3:03  Drone x2  
  36  3:07  Drone x2  
  36  3:10  Drone x2  
  36  3:11  Drone  
  41  3:13  Overlord  
  41  3:15  Drone  
  41  3:19  Drone x2  
  44  3:23  Lair  
  44  3:33  Drone x3  
  47  3:35  Extractor  
  47  3:36  Queen  
  47  3:37  Extractor  
  47  3:39  Drone  
  48  3:43  Drone x3  
  48  3:48  Roach Warren  
  50  3:49  Drone  
  50  3:52  Overlord  
  51  4:02  Drone x2  
  53  4:05  Drone x2  
  53  4:08  Overlord  
  53  4:09  Drone x3  
  58  4:13  Overlord  
  58  4:19  Drone  
  58  4:21  Overlord  
  59  4:25  Overseer  
  59  4:27  Overseer  
  59  4:31  Roach x5  
  69  4:36  Roach x2  
  73  4:38  Overlord  
  73  4:40  Glial Reconstitution  
  73  4:44  Overlord  
  73  4:45  Roach  
  75  4:47  Overlord  
  75  4:52  Roach x2  
  77  5:04  Drone x8  
  77  5:06  Drone  
  83  5:11  Overseer  
  83  5:15  Overseer  
  83  5:19  Evolution Chamber  
  83  5:20  Roach x4  
  83  5:21  Extractor  
  89  5:22  Extractor  
  89  5:23  Roach  
  91  5:35  Drone x2  
  91  5:36  Drone  
  91  5:37  Pneumatized Carapace  
  91  5:38  Drone x2  
  95  5:43  Overlord  
  95  5:44  Overlord  
  95  5:47  Overlord, Zerg Missile Weapons Level 1, Drone x2  
  95  5:48  Overlord  
  101  5:57  Roach x5  
  101  5:59  Overlord  
  101  6:03  Roach  
  109  6:06  Overlord  
  109  6:08  Roach  
  109  6:10  Overlord  
  111  6:20  Roach x6  
  111  6:25  Overlord  
  123  6:31  Roach  
  123  6:32  Roach x4  
  135  6:40  Roach x3  
  135  6:42  Overlord  
  135  6:44  Overlord  
  141  6:48  Overlord  
  141  6:51  Overlord  
  141  6:52  Roach  
  143  6:54  Overlord  
  143  6:56  Roach  
  143  7:00  Overlord  
  149  7:01  Roach x2  
  149  7:02  Ravager  
  149  7:07  Roach x2  
  154  7:09  Ravager  
  154  7:10  Ravager  
  154  7:11  Roach x2  
  158  7:20  Roach x7  
  158  7:21  Ravager x3  
  175  7:29  Roach x2  
  179  7:33  Roach  
  179  7:34  Ravager  
  184  7:37  Roach  
  184  7:38  Ravager  
  184  7:43  Roach x3  
  191  7:54  Roach x5  
Show
View Real Time Build Order
Export as new Build Order

IIIIIIIIIIII Protoss 

Build Orders: 1 Gate Expand, Zealot Archon, Archon Drop, Dark Templar Rush 

Get SALT Encoding   

  12  0:00  Probe  
  13  0:12  Probe  
  14  0:20  Pylon  
  14  0:24  Probe  
  15  0:34  Probe  
  15  0:40  Gateway  
  15  0:42  Probe  
  16  0:48  Assimilator  
  17  0:52  Probe  
  18  1:04  Probe  
  19  1:16  Probe  
  20  1:26  Nexus  
  20  1:35  Cybernetics Core  
  20  1:38  Probe  
  21  1:44  Assimilator  
  21  1:50  Probe  
  21  1:54  Pylon  
  22  2:02  Probe  
  22  2:03  Adept  
  23  2:14  Probe, Warp Gate  
  26  2:26  Probe  
  26  2:29  Stalker  
  27  2:35  Probe x2, Twilight Council  
  29  2:44  Probe x2  
  33  2:53  Probe x2  
  35  3:05  Probe x2  
  36  3:07  Robotics Facility  
  37  3:17  Probe x2  
  39  3:20  Dark Shrine  
  39  3:27  Gateway  
  39  3:32  Gateway  
  39  3:36  Gateway  
  39  3:39  Probe  
  39  3:40  Probe  
  41  3:43  Warp Prism  
  41  3:44  Pylon  
  41  3:48  Assimilator  
  43  3:56  Probe  
  43  3:58  Probe  
  43  4:01  Assimilator  
  45  4:04  Pylon  
  45  4:08  Probe x2  
  45  4:09  Warp Prism  
  46  4:16  Probe  
  47  4:20  Probe  
  51  4:24  Probe  
  52  4:32  Probe  
  53  4:41  Dark Templar x4  
  61  5:07  Nexus  
  61  5:08  Pylon  
  61  5:11  Pylon  
  61  5:15  Archon  
  61  5:17  Archon  
  61  5:21  Probe  
  61  5:27  Dark Templar x3  
  62  5:36  Probe x2  
  62  5:39  Dark Templar x4  
  62  5:40  Forge  
  62  5:42  Observer  
  73  5:43  Robotics Facility  
  73  5:45  Archon  
  73  5:47  Archon  
  73  5:51  Probe x2  
  73  5:53  Shield Battery  
  73  5:54  Pylon  
  75  6:00  Forge  
  76  6:04  Probe x2  
  76  6:08  Charge  
  77  6:14  Probe x2  
  77  6:16  Probe  
  83  6:22  Probe x2  
  83  6:23  Immortal  
  83  6:24  Probe  
  84  6:27  Pylon  
  84  6:30  Probe x2  
  87  6:34  Probe  
  87  6:36  Observer  
  94  6:42  Probe x2, Assimilator  
  94  6:43  Assimilator  
  94  6:46  Probe  
  97  6:58  Probe  
  97  6:59  Probe x2  
  100  7:05  Gateway  
  100  7:07  Gateway  
  100  7:09  Gateway  
  100  7:10  Immortal  
  100  7:11  Pylon  
  100  7:14  Gateway, Dark Templar x4  
  108  7:18  Archon x2  
  108  7:21  Shield Battery  
  108  7:22  Shield Battery  
  108  7:24  Shield Battery  
  108  7:25  Shield Battery, Immortal, Pylon  
  108  7:26  Pylon  
  112  7:46  Zealot x4  
  112  8:01  Zealot x2  
  100  8:06  Zealot  
  100  8:09  Zealot x4  
Tags
 
Add a new tag
Caveats
  • Supply blocks, unpowered buildings, or Contaminate may cause inaccurate times.
  • Supply counts are checked every 10 seconds.